 Dungeon Crawl Stone Soup version 0.27.1-33-g824d729ab1 (webtiles) character file.

Game seed: 13006815434710387951

357 Atelerd the Digger (level 6, 0/36 HPs)
             Began as an Octopode Earth Elementalist on Dec 22, 2021.
             Killed from afar by an orc wizard (8 damage)
             ... with a magic dart
             ... on level 4 of the Dungeon.
             The game lasted 00:05:06 (4542 turns).

Atelerd the Digger (Octopode Earth Elementalist)    Turns: 4542, Time: 00:05:07

Health: 0/36       AC:  1    Str:  5 (7)  XL:     6   Next: 64%
Magic:  9/9        EV: 13    Int: 21 (24) God:
Gold:   105        SH:  0    Dex: 10 (12) Spells: 1/12 levels left

rFire    . . .     SeeInvis .   d - +0 short sword
rCold    . . .     Faith    .   (no shield)
rNeg     . . .     Spirit   .   (helmet restricted)
rPois    .         Reflect  .   (no amulet)
rElec    .         Harm     .   e - +6 ring of intelligence
rCorr    .         Rampage  .   (no ring)
Will     .....                  (no ring)
Stlth    ++........             (no ring)
HPRegen  0.12/turn              (no ring)
MPRegen  0.11/turn              (no ring)
                                (no ring)
                                (no ring)

@: confused, mighty, brilliant
A: almost no armour, amphibious, 8 rings, camouflage 1, gelatinous body 1,
(nimble swimmer 1), tentacles, dopey 1, low mp 2
a: no special abilities


You were on level 4 of the Dungeon.
You visited 1 branch of the dungeon, and saw 4 of its levels.

You collected 105 gold pieces.

Inventory:

Hand Weapons
 d - a +0 short sword (weapon)
Missiles
 b - 38 stones
Jewellery
 a - a ring of ice
 e - a +6 ring of intelligence (left tentacle)
Scrolls
 i - 3 scrolls of teleportation {unknown}
 l - a scroll of identify
 m - a scroll of magic mapping {unknown}
 o - a scroll of summoning {unknown}
Potions
 c - a potion of heal wounds {unknown}
 f - a potion of brilliance
 g - a potion of haste
 h - a potion of lignification {unknown}
 n - 2 potions of mutation
 p - a potion of flight {unknown}


   Skills:
 - Level 2.0 Dodging
 - Level 2.6 Stealth
 + Level 3.7 Spellcasting
 + Level 0.4 Conjurations
 + Level 3.6 Transmutations
 + Level 0.5 Air Magic
 + Level 4.7 Earth Magic
 * Level 1.0 Poison Magic


You had one spell level left.
You knew the following spells:

 Your Spells              Type           Power      Damage    Failure   Level
a - Sandblast             Erth           70%        2d15      1%          1
b - Mephitic Cloud        Conj/Pois/Air  10%        N/A       28%         3
c - Ignite Poison         Fire/Tmut/Pois 15%        N/A       19%         3
p - Petrify               Tmut/Erth      32%        N/A       22%         4

Your spell library contained the following spells:

 Spells                   Type           Power      Damage    Failure   Level
 Apportation              Tloc           10%        N/A       12%         1
 Passwall                 Tmut/Erth      26%        N/A       3%          2
 Stone Arrow              Conj/Erth      44%        3d9       13%         3
 Alistair's Intoxication  Tmut/Pois      13%        N/A       78%         5
 Bolt of Magma            Conj/Fire/Erth 8%         4d6       86%         5
 Invisibility             Hex            2%         N/A       100%        6


Dungeon Overview and Level Annotations

Branches:
Dungeon (4/15)
 Temple: D:4-7

Altars:
Cheibriados
Makhleb
Trog
Vehumet

Annotations:
D:2 exclusion: downstairs


Innate Abilities, Weirdness & Mutations

You cannot wear most types of armour.
You are amphibious.
You can wear up to eight rings at the same time.
Your skin changes colour to match your surroundings (Stealth+).
Your rubbery body absorbs attacks. (AC +1, EV +1)
((You are camouflaged near water. (Stealth+)))
You have tentacles for arms and can constrict up to eight enemies at once.
You are dopey. (Int -2)
Your magical capacity is very low. (-20% MP)


Message History

An orc wizard is nearby!
The orc wizard shouts!
You hear a shout!
The orc wizard points at you and mumbles some strange words.
The puff of flame hits you!
An orc wizard is nearby!
The orc wizard points at you and mumbles some strange words.
The magic dart hits you!
The blast of sand hits the orc wizard.
The orc wizard is heavily wounded.
The orc wizard gestures at you while chanting.
You are confused.
You are too confused!
You're too confused to cast spells.
An orc wizard is nearby!
You're too confused to cast spells.
An orc wizard is nearby!
Unknown command.
An orc and an orc wizard come into view.
Found 6 gold pieces.
The orc shouts!
The orc wizard gestures wildly while chanting.
The orc wizard flickers and vanishes!
Deactivating autopickup; reactivate with Ctrl-A.
The orc wizard gestures at you while chanting.
The puff of flame hits you!
* * * LOW HITPOINT WARNING * * *
It was a potion of mutation.
You feel extremely strange.
You feel less energetic.
You feel stupid.
You feel less energetic. The orc wizard completely misses you.
It was a potion of degeneration.
There was something very wrong with that liquid.
You feel weakened.
You feel dopey.
You feel clumsy. The orc wizard closely misses you.
It was a potion of brilliance.
You feel clever all of a sudden.
It was a potion of might.
You feel very mighty all of a sudden.
A magic dart appears from out of thin air!
The magic dart hits you!
You die...

#####..# ... #.#
.......# .# #.##
#####..# .# #...
......## .# ####
####### $# ..# o#
#.# {#
#.###############.#
#...............@o#
###################


You could see an orc wizard and an orc.

Vanquished Creatures
  2 water moccasin skeletons
  Natasha (thrice) (D:2)
  A mummy (D:3)
  Robin (D:3)
  7 adders
  An ufetubus (D:4)
  2 worms
  An orc (D:3)
  9 bats
  7 endoplasms
  11 goblins
  7 hobgoblins
  3 jackals (D:1)
  4 quokkas
  10 ball pythons
  A frilled lizard (D:2)
  9 kobolds
  4 rats
83 creatures vanquished.

Notes
Turn   | Place    | Note
-------+----------+-------------------------------------------
     0 | D:1      | Atelerd the Octopode Earth Elementalist began the quest for
                  | the Orb.
     0 | D:1      | Reached XP level 1. HP: 11/11 MP: 3/3
   305 | D:1      | Reached XP level 2. HP: 17/17 MP: 3/5
  1230 | D:2      | Reached XP level 3. HP: 10/21 MP: 1/7
  1230 | D:2      | Reached XP level 4. HP: 13/27 MP: 1/8
  1235 | D:2      | Learned a level 4 spell: Petrify
  1394 | D:2      | Noticed Natasha
  1399 | D:2      | Killed Natasha
  1468 | D:2      | Noticed Natasha
  1472 | D:2      | Killed Natasha
  1473 | D:2      | Reached skill level 4 in Earth Magic
  1473 | D:2      | Reached XP level 5. HP: 21/31 MP: 6/9
  1821 | D:2      | Noticed Natasha
  1836 | D:2      | Killed Natasha
  2447 | D:3      | Noticed Robin
  3136 | D:3      | Killed Robin
  3142 | D:3      | Found a burning altar of Makhleb.
  3306 | D:3      | Reached XP level 6. HP: 27/36 MP: 6/11
  3675 | D:3      | Found a snail-covered altar of Cheibriados.
  3945 | D:4      | Found a radiant altar of Vehumet.
  4128 | D:4      | Found a bloodstained altar of Trog.
  4351 | D:4      | Learned a level 3 spell: Mephitic Cloud
  4355 | D:4      | Learned a level 3 spell: Ignite Poison
  4486 | D:4      | Reached skill level 1 in Poison Magic
  4539 | D:4      | Gained mutation: Your magical capacity is low. (-10% MP)
                  | [potion of mutation]
  4539 | D:4      | Gained mutation: You are dopey. (Int -2) [potion of
                  | mutation]
  4539 | D:4      | Gained mutation: Your magical capacity is very low. (-20%
                  | MP) [potion of mutation]
  4542 | D:4      | Killed from afar by an orc wizard

Illustrated notes

Levels and vault maps discovered:
D:1:      minmay_arrival_open_corners, layout_basic
D:2:      layout_basic, kennysheep_boxes, uniq_natasha
D:3:      layout_loops_ring, slow_altar_2, mainiacjoe_overflow_chevrons,
          portal_sewer_entry_b, uniq_robin
D:4:      layout_basic, lemuel_doored_altar, fiery_altar_vehumet,
          minmay_misc_feat_rows

Skill      XL: |  1  2  3  4  5  6 |
---------------+-------------------+-----
Transmutations | 2 3 |  3.6
Spellcasting   | 3 |  3.7
Earth Magic    | 4 |  4.7
Poison Magic   | 1 |  1.0
Dodging        | |  2.0
Stealth        | |  2.6
Conjurations   | |  0.4
Air Magic      | |  0.5

Action                   |  1- 3 |  4- 6 || total
-------------------------+-------+-------++-------
Melee: Unarmed           |    11 |       ||    11
       Tentacles         |     3 |     6 ||     9
       Short sword       |     5 |    40 ||    45
       Constrict         |     2 |     9 ||    11
 Cast: Sandblast         |    24 |    70 ||    94
Evoke: Wand              |       |     2 ||     2
  Use: Scroll            |       |     2 ||     2
       Potion            |       |     4 ||     4
 Stab: Sleeping          |       |     4 ||     4
Armor: Skin              |     4 |     7 ||    11
Dodge: Dodged            |    20 |    37 ||    57
